 Dungeon Crawl Stone Soup version 0.29.0-13-gc9e81de378 (webtiles) character file.

Game seed: 5039862156262673338

10754 sanka the Severer (level 11, 0/99 HPs)
             Began as a Minotaur Berserker on Sept 7, 2022.
             Was a High Priest of Trog.
             Slain by a troll (5 damage)
             ... on level 11 of the Dungeon.
             The game lasted 00:14:18 (11812 turns).

sanka the Severer (Minotaur Berserker)             Turns: 11812, Time: 00:14:20

Health: 0/99       AC: 15    Str: 23    XL:     11   Next: 40%
Magic:  10/10      EV: 10    Int:  4    God:    Trog [*****.]
Gold:   631        SH:  0    Dex: 13    Spells: 10/10 levels left

rFire   . . .      SeeInvis .   a - +5 battleaxe (freeze)
rCold   + . .      Faith    .   (shield currently unavailable)
rNeg    . . .      Spirit   .   z - +0 plate armour
rPois   .          Reflect  .   (helmet restricted)
rElec   .          Harm     .   F - +0 cloak
rCorr   .          Rampage  .   (no gloves)
Will    .....                   (no boots)
Stlth   ..........              (no amulet)
HPRegen 0.26/turn               (no ring)
MPRegen 0.12/turn               w - ring of protection from cold

@: no status effects
A: horns 2, retaliatory headbutt
a: Renounce Religion, Berserk, Trog's Hand, Brothers in Arms


You were on level 11 of the Dungeon.
You worshipped Trog.
Trog was extremely pleased with you.
You visited 1 branch of the dungeon, and saw 11 of its levels.

You collected 631 gold pieces.


Innate Abilities, Weirdness & Mutations

You have a pair of horns on your head.
You reflexively headbutt those who attack you in melee.


   Skills:
 - Level 9.9 Fighting
 * Level 15.1 Axes
 - Level 9.5 Armour
 - Level 8.6 Dodging


You had 10 spell levels left.
You didn't know any spells.
Your spell library was empty.

Inventory:

Hand Weapons
 a - a +5 battleaxe of freezing (weapon)
 b - a +3 battleaxe of flaming
Missiles
 r - a throwing net {=f}
 A - 3 curare-tipped darts {=f}
Armour
 g - a +0 ring mail
 z - a +0 plate armour (worn)
 F - a +0 cloak (worn)
Jewellery
 t - a ring of fire
 w - a ring of protection from cold (right hand)
 E - a ring of ice
Wands
 e - a wand of iceblast (6)
 C - a wand of paralysis (9)
Scrolls
 c - 3 scrolls of enchant weapon
 h - 2 scrolls of immolation {!r}
 i - 3 scrolls of magic mapping
 j - a scroll of acquirement {unknown}
 m - a scroll of silence {unknown}
 n - a scroll of amnesia {unknown}
 p - 3 scrolls of vulnerability {!r}
 q - a scroll of fear {unknown}
 s - a scroll of summoning
 u - 2 scrolls of teleportation {@r4}
 D - 2 scrolls of enchant armour
 G - a scroll of fog {unknown}
Potions
 d - 6 potions of curing {unknown}
 f - 3 potions of heal wounds {unknown}
 k - 2 potions of mutation {unknown}
 l - 4 potions of lignification {unknown}
 o - 3 potions of flight {unknown}
 v - a potion of might {unknown}
 x - 2 potions of haste {unknown}
 B - 2 potions of invisibility {unknown}

Dungeon Overview and Level Annotations

Branches:
Dungeon (11/15)            Temple (0/1) D:7            Lair (0/5) D:10
    Orc (0/2) D:9

Altars:
Ashenzari
Cheibriados
Elyvilon
Fedhas
Gozag
Hepliaklqana
Nemelex Xobeh
Okawaru
Ru
Uskayaw
Vehumet
Xom
Yredelemnul
Zin
The Shining One

Shops:
D:7 (

Annotations:
D:9 exclusion: downstairs
D:10 4 transporters

▒.....))▒▒▒.▒...▒.
▒..▒▒▒▒))▒
▒...▒...▒ ▒▒ ▒..▒
▒▒▒.▒▒.▒▒ ▒.[▒ ▒.▒
▒..▒ ▒.▒ ....▒ ▒.▒
▒.▒▒.▒▒
▒▒▒.▒▒▒▒.▒▒▒ ..
...▒▒▒▒...........
▒.
........HT▒▒▒▒.▒▒.
▒ ▒▒▒▒▒▒▒)▒▒▒
▒..........9Y..
▒..............
▒..▒▒▒▒.▒▒▒▒... ▒)
▒.▒ YT ▒.▒ ... ..▒


You could see a troll.


Message History

The troll is severely wounded.
The troll bites you but does no damage. The troll claws you.
* * * LOW HITPOINT WARNING * * *
The troll claws you.
* * * LOW HITPOINT WARNING * * *
You barely miss the troll.
The troll is severely wounded.
The troll bites you!
* * * LOW HITPOINT WARNING * * *
The troll claws you.
* * * LOW HITPOINT WARNING * * *
The troll claws you.
* * * LOW HITPOINT WARNING * * *
You slash the troll! You freeze the troll.
The troll is almost dead.
The troll bites you!
* * * LOW HITPOINT WARNING * * *
The troll barely misses you. The troll misses you.
Unknown command.
You closely miss the troll. Your headbutt misses the troll.
The troll is severely wounded.
The troll bites you.
* * * LOW HITPOINT WARNING * * *
The troll misses you. The troll claws you.
You die...

Action                   |  1- 3 |  4- 6 |  7- 9 | 10-12 || total
-------------------------+-------+-------+-------+-------++-------
Melee: Hand axe          |    94 |    54 |       |       ||   148
       Headbutt          |    20 |    14 |    55 |    39 ||   128
       Punch             |       |     2 |     2 |       ||     4
       War axe           |       |    50 |   242 |    14 ||   306
       Battleaxe         |       |       |       |   226 ||   226
Invok: Berserk           |       |     1 |     1 |     2 ||     4
Evoke: Wand              |       |       |     2 |       ||     2
  Use: Scroll            |       |       |     6 |     4 ||    10
 Stab: Sleeping          |     1 |       |       |       ||     1
       Paralysed         |       |       |     7 |       ||     7
Armor: Animal skin       |    10 |       |       |       ||    10
       Ring mail         |    24 |    40 |    13 |       ||    77
       Plate armour      |       |       |   124 |   117 ||   241
Dodge: Dodged            |    49 |    57 |   108 |   114 ||   328

Levels and vault maps discovered:
D:1:      scummos_arrival_forest, layout_basic, st_stairs_8,
          minmay_tiny_reverse_x
D:2:      layout_basic, minivault_27
D:3:      layout_basic, hellmonk_ecumenical_altar_leap_of_faith, uniq_terence
D:4:      layout_basic, lemuel_crystal_altar, nicolae_overflow_crystal_walls,
          serial_glass, glass_columns_a, glass_columns_a
D:5:      kennysheep_big_flooded_room, layout_basic,
          mainiacjoe_overflow_alcove_4, serial_glass, glass_columns_c,
          glass_columns_a, minivault_24, uniq_edmund
D:6:      layout_cave_pools
D:7:      layout_loops_ring, general_overflow_altar,
          nicolae_tso_carved_into_rock, gammafunk_temple_overflow_elements,
          minmay_temple_entry_glass, serial_shops,
          nicolae_shop_bloodbath_and_beyond, uniq_pikel, uniq_duvessa,
          uniq_prince_ribbit1
D:8:      layout_loops_ring, nicolae_gozag_cash_rules_everything_around_me,
          nemelex_spade_bored_becter, serial_glass, glass_columns_c,
          glass_columns_c, uniq_maurice
D:9:      layout_roguey, erik_orc_2
D:10:     layout_cave_pools, mainiacjoe_overflow_concentric_impassable,
          kennysheep_mini, minitemple, erik_lair_dragon, serial_column_ruins,
          column_ruins_corridor_dead_end, column_ruins_open_small,
          column_ruins_open_small, column_ruins_corridor_dead_end,
          column_ruins_open_tiny, column_ruins_open_medium, column_ruins_grid_3,
          minmay_holes, nicolae_transporter_circle, uniq_grum
D:11:     layout_loops_ring, serial_shops, nicolae_shop_waterfront,
          uniq_nergalle

Notes
Turn   | Place    | Note
-------+----------+-------------------------------------------
     0 | D:1      | sanka the Minotaur Berserker began the quest for the Orb.
     0 | D:1      | Reached XP level 1. HP: 19/19 MP: 0/0
   115 | D:1      | Reached XP level 2. HP: 20/27 MP: 1/1
   122 | D:1      | Reached skill level 4 in Axes
   663 | D:1      | Reached skill level 4 in Fighting
   672 | D:1      | Reached XP level 3. HP: 33/33 MP: 2/2
   732 | D:1      | Reached ** piety under Trog
   891 | D:2      | Reached skill level 3 in Armour
  1320 | D:3      | Reached XP level 4. HP: 29/40 MP: 3/3
  1466 | D:3      | Found a faded altar of an unknown god.
  1682 | D:3      | Reached skill level 3 in Dodging
  1758 | D:3      | Reached skill level 5 in Axes
  2143 | D:3      | Noticed Terence
  2151 | D:3      | Killed Terence
  2152 | D:3      | Reached XP level 5. HP: 40/47 MP: 4/4
  2654 | D:4      | Found a radiant altar of Vehumet.
  2862 | D:4      | Reached skill level 4 in Armour
  2863 | D:4      | Reached *** piety under Trog
  2864 | D:4      | Reached XP level 6. HP: 55/55 MP: 5/5
  2867 | D:4      | Reached skill level 6 in Axes
  3152 | D:4      | Reached skill level 5 in Fighting
  3313 | D:4      | Found a hide-covered altar of Uskayaw.
  3553 | D:5      | Entered Level 5 of the Dungeon
  3580 | D:5      | Found a basalt altar of Yredelemnul.
  3625 | D:5      | Noticed Edmund
  3639 | D:5      | Killed Edmund
  3640 | D:5      | Reached skill level 4 in Dodging
  3641 | D:5      | Reached XP level 7. HP: 61/61 MP: 6/6
  3981 | D:5      | Reached skill level 7 in Axes
  3989 | D:5      | Reached skill level 5 in Armour
  4574 | D:5      | Reached skill level 6 in Fighting
  4642 | D:6      | Reached skill level 8 in Axes
  4642 | D:6      | Reached skill level 5 in Dodging
  4642 | D:6      | Reached XP level 8. HP: 68/70 MP: 7/7
  4991 | D:6      | Reached skill level 6 in Armour
  5014 | D:6      | Reached **** piety under Trog
  5322 | D:7      | Found a staircase to the Ecumenical Temple.
  5340 | D:7      | Noticed Prince Ribbit
  5356 | D:7      | Reached skill level 9 in Axes
  5362 | D:7      | Killed Prince Ribbit
  5363 | D:7      | Reached skill level 7 in Fighting
  5601 | D:7      | Reached skill level 6 in Dodging
  5683 | D:7      | Reached XP level 9. HP: 60/79 MP: 8/8
  5842 | D:7      | Found Cieto's Weapon Shoppe.
  5869 | D:7      | Noticed Dowan
  5870 | D:7      | Noticed Duvessa
  5878 | D:7      | Killed Duvessa
  5880 | D:7      | Killed Dowan
  6044 | D:7      | Reached skill level 10 in Axes
  6142 | D:7      | Noticed Pikel
  6156 | D:7      | Killed Pikel
  6157 | D:7      | Reached skill level 7 in Armour
  6302 | D:7      | Found a glowing golden altar of the Shining One.
  6444 | D:7      | Found a shimmering altar of Xom.
  6479 | D:7      | Found a blossoming altar of Fedhas.
  6479 | D:7      | Found a broken altar of Ashenzari.
  6495 | D:7      | Reached skill level 8 in Fighting
  6934 | D:8      | Reached skill level 11 in Axes
  6934 | D:8      | Reached skill level 7 in Dodging
  7434 | D:8      | Found a sparkling altar of Nemelex Xobeh.
  7678 | D:8      | Noticed Maurice
  7689 | D:8      | Killed Maurice
  7738 | D:8      | Found an opulent altar of Gozag.
  7829 | D:9      | Reached skill level 8 in Armour
  7945 | D:9      | Reached XP level 10. HP: 62/90 MP: 9/9
  8627 | D:9      | Reached ***** piety under Trog
  9254 | D:9      | Reached skill level 9 in Fighting
  9254 | D:9      | Reached skill level 12 in Axes
  9685 | D:9      | Reached skill level 8 in Dodging
 10185 | D:9      | Found a staircase to the Orcish Mines.
 10292 | D:10     | Entered Level 10 of the Dungeon
 10309 | D:10     | Reached skill level 9 in Armour
 10320 | D:10     | Noticed a gargoyle
 10329 | D:10     | Killed a gargoyle
 10488 | D:10     | Found an iron altar of Okawaru.
 10519 | D:10     | Reached skill level 13 in Axes
 10576 | D:10     | Reached XP level 11. HP: 43/99 MP: 10/10
 10670 | D:10     | Received a gift from Trog
 10878 | D:10     | Noticed Grum
 10890 | D:10     | Killed Grum
 11093 | D:10     | Found a transporter.
 11096 | D:10     | Found a transporter.
 11114 | D:10     | Found a transporter.
 11149 | D:10     | Found a transporter.
 11205 | D:10     | Found a sacrificial altar of Ru.
 11209 | D:10     | Found a white marble altar of Elyvilon.
 11210 | D:10     | Found a glowing silver altar of Zin.
 11212 | D:10     | Found a hazy altar of Hepliaklqana.
 11369 | D:10     | Reached skill level 14 in Axes
 11510 | D:10     | Found a staircase to the Lair.
 11665 | D:10     | Found a snail-covered altar of Cheibriados.
 11805 | D:11     | Reached skill level 15 in Axes
 11812 | D:11     | HP: 5/99 [troll (5)]
 11812 | D:11     | Slain by a troll

Vanquished Creatures
  Pikel (D:7)
  Maurice (D:8)
  2 gargoyles
  2 komodo dragons
  A kobold demonologist (D:11)
  Prince Ribbit (D:7)
  12 yaks
  A wraith (D:10)
  3 wyverns
  4 basilisks (D:10)
  3 steam dragons
  Grum (D:10)
  2 acid dragons
  Edmund (D:5)
  Duvessa (D:7)
  4 orc warriors (D:9)
  2 sky beasts
  An ice beast (D:6)
  3 wolves (D:10)
  5 centaurs
  4 kobold brigands
  A necrophage (D:8)
  2 gnoll sergeants
  7 bullfrogs
  3 scorpions (D:5)
  7 wights
  Dowan (D:7)
  10 killer bees (D:9)
  An electric eel (D:9)
  6 howler monkeys
  5 hounds
  4 orc priests
  3 jellies
  2 gnoll boudas
  Terence (D:3)
  8 orc wizards
  5 iguanas
  16 gnolls
  9 adders
  3 shadow imps
  4 white imps
  2 worms (D:3)
  2 dart slugs
  26 orcs
  13 ball pythons
  5 bats
  5 endoplasms
  2 giant cockroaches
  12 goblins
  9 hobgoblins
  4 quokkas
  5 frilled lizards
  24 kobolds
  6 rats
268 creatures vanquished.
